 Dungeon Crawl Stone Soup version 0.26.0-10-g1f06aea511 (webtiles) character file.

Game seed: 14575429117858171809

3903 raph the Frost Mage (level 10, -14/77 HPs)
             Began as a Black Draconian Ice Elementalist on Jan 24, 2021.
             Was a Believer of Sif Muna.
             Blown up by a great orb of eyes (40 damage)
             ... with a disintegration bolt
             ... on level 8 of the Dungeon.
             The game lasted 00:18:04 (11560 turns).

raph the Frost Mage (DrIE)                         Turns: 11560, Time: 00:18:04

Health: -14/77     AC: 15    Str: 16    XL:     10   Next: 0%
Magic:  3/16       EV: 14    Int: 19    God:    Sif Muna [**....]
Gold:   215        SH:  0    Dex: 12    Spells: 1/17 levels left

rFire    + . .     SeeInvis .   r - +2 war axe (flame)
rCold    . . .     Faith    .   (no shield)
rNeg     . . .     Spirit   .   (armour unavailable)
rPois    .         Reflect  .   (helmet restricted)
rElec    +         Harm     .   (no cloak)
rCorr    .         Rampage  .   (no gloves)
Will     .....                  n - +0 pair of boots
Stlth    +++.......             l - amulet of magic regeneration
HPRegen  0.22/turn              i - +6 ring of strength
MPRegen  0.40/turn              D - ring of protection from fire

@: icy armour, frozen ramparts, very slightly contaminated
A: breathe lightning, unfitting armour, electricity resistance, cold-blooded, AC
+7
a: Breathe Lightning, Renounce Religion, Channel Magic


You were on level 8 of the Dungeon.
You worshipped Sif Muna.
Sif Muna was pleased with you.
You visited 1 branch of the dungeon, and saw 8 of its levels.

You collected 650 gold pieces.
You spent 435 gold pieces at shops.

Inventory:

Hand Weapons
 a - a +1 dagger
 r - a +2 war axe of flaming (weapon)
 z - a +4 dagger of draining
Armour
 n - a +0 pair of boots (worn)
Jewellery
 i - a +6 ring of strength (left hand)
 l - an amulet of magic regeneration (around neck)
 t - an uncursed ring of protection from cold
 A - an uncursed ring of stealth
 D - a ring of protection from fire (right hand)
Wands
 g - a wand of polymorph (9)
 s - a wand of random effects (21)
Scrolls
 b - 2 scrolls of enchant weapon
 e - 2 scrolls of remove curse
 h - 3 scrolls of teleportation
 x - 2 scrolls of identify
 y - a scroll of magic mapping
 B - a scroll of amnesia
 C - a scroll of blinking
Potions
 c - a potion of attraction {unknown}
 d - 4 potions of magic
 f - a potion of degeneration
 j - a potion of flight {unknown}
 k - 5 potions of curing {unknown}
 m - 2 potions of invisibility {unknown}
 o - 2 potions of cancellation {unknown}
 p - 3 potions of mutation
 q - 4 potions of heal wounds
 u - 2 potions of lignification {unknown}
 v - a potion of haste
 w - a potion of brilliance


   Skills:
 + Level 3.5 Fighting
 + Level 5.2 Dodging
 + Level 5.7 Stealth
 - Level 4.1 Spellcasting
 * Level 5.9 Summonings
 * Level 8.8 Ice Magic
 + Level 4.7 Invocations


You had one spell level left.
You knew the following spells:

 Your Spells              Type           Power        Failure   Level
a - Freeze                Ice            100%         1%          1
b - Frozen Ramparts       Ice            74%          1%          3
c - Ozocubu's Armour      Ice            37%          1%          3
d - Summon Ice Beast      Ice/Summ       32%          6%          4
e - Hailstorm             Conj/Ice       20%          22%         4
f - Animate Skeleton      Necr           6%           14%         1

Your spell library contained the following spells:

 Spells                   Type           Power        Failure   Level
 Summon Small Mammal      Summ           100%         1%          1
 Apportation              Tloc           6%           14%         1
 Corona                   Hex            3%           14%         1
 Confusing Touch          Hex            3%           38%         3
 Gell's Gravitas          Tloc           1%           38%         3
 Metabolic Englaciation   Hex/Ice        10%          52%         5
 Petrify                  Tmut/Erth      3%           80%         4
 Yara's Violent Unravell  Hex/Tmut       1%           98%         5


Dungeon Overview and Level Annotations

Branches:
Dungeon (8/15)             Temple (0/1) D:4
   Lair: D:8-11

Altars:
Hepliaklqana
Qazlal
Sif Muna
Wu Jian
The Shining One

Shops:
D:6 !


Innate Abilities, Weirdness & Mutations

You can breathe wild blasts of lightning.
Your glossy black scales are hard. (AC +7)
You cannot fit into any form of body armour.
You are resistant to electric shocks. (rElec)
You are cold-blooded and may be slowed by cold attacks.


Message History

Unknown command.
You slash the great orb of eyes! You burn the great orb of eyes.
The great orb of eyes is severely wounded.
The frozen ramparts melt away.
Your ice beast hits the great orb of eyes but does no damage.
The great orb of eyes misses your ice beast.
Your ice beast hits the great orb of eyes but does no damage.
The great orb of eyes misses your ice beast.
Casting: Summon Ice Beast (dangerous; 6% risk of failure)
Confirm with . or Enter, or press ? or * to list all spells.
Casting: Frozen Ramparts (safe; 1% risk of failure)
Press: ? - help, Dir - look around, f - activate The walls around you are covered in ice.
Your ice beast hits the great orb of eyes.
Your ice beast freezes the great orb of eyes!
The wall freezes the great orb of eyes.
The great orb of eyes gazes at you.
You are blasted!
Ouch! That really hurt!
You die...

## .############
............# .##########.#
############## .####.......#
#............#
...##.......###.Y.########.#
.#...........)..@G...#
.#.#######..)#######.# .#.#
♣O.♣.♣♣ #.# .#.# ♣)..♣.♣ #.#
.#.# .♣...♣ #.#####.# .#.#
.♣.♣.♣.♣ #.......# .#.#
♣.♣♣.♣♣.♣ #...##### .#.# ##
#.# ## #....##### .#.# #$#
#..#.....#


You could see a great orb of eyes and a friendly ice beast (summoned).

Vanquished Creatures
  A wyvern (D:8)
  Menkaure (D:7)
  Duvessa (D:7)
  A nameless horror (D:8)
  An orc warrior (D:8)
  A phantom (D:5)
  2 sky beasts
  7 ogres
  A necrophage (D:8)
  3 centaurs
  4 bullfrogs
  A gnoll sergeant (D:4)
  Dowan (D:7)
  2 scorpions
  12 killer bees
  3 wights (D:8)
  4 howler monkeys
  2 centaur zombies
  A jelly (D:6)
  A hound (D:8)
  2 orc wizards (D:3)
  2 iguanas
  7 worker ants
  2 hound zombies (D:7)
  A howler monkey zombie (D:8)
  2 worker ant zombies
  A howler monkey skeleton (D:7)
  4 gnolls (D:4)
  10 adders
  2 shadow imps (D:8)
  A white imp (D:5)
  3 ufetubi
  2 adder skeletons
  3 worms
  5 leopard geckos (D:3)
  15 orcs
  6 bats
  2 giant cockroaches
  4 goblins
  7 hobgoblins
  6 jackals
  5 quokkas
  3 frilled lizards
  A jackal skeleton (D:4)
  8 kobolds
  2 rats
156 creatures vanquished.

Vanquished Creatures (collateral kills)
  Maggie (D:6)
1 creature vanquished.

Vanquished Creatures (others)
  8 plants (D:8)
8 creatures vanquished.

Grand Total: 165 creatures vanquished

Notes
Turn   | Place    | Note
-------+----------+-------------------------------------------
     0 | D:1      | raph the Draconian Ice Elementalist began the quest for the
                  | Orb.
     0 | D:1      | Reached XP level 1. HP: 14/14 MP: 3/3
   554 | D:1      | Reached XP level 2. HP: 20/20 MP: 1/5
  1256 | D:2      | Reached XP level 3. HP: 4/26 MP: 1/6
  2262 | D:3      | Reached XP level 4. HP: 6/33 MP: 0/7
  2512 | D:3      | Learned a level 3 spell: Frozen Ramparts
  2516 | D:3      | Learned a level 3 spell: Ozocubu's Armour
  3211 | D:3      | Reached skill level 5 in Ice Magic
  3408 | D:3      | Reached XP level 5. HP: 36/38 MP: 6/9
  4487 | D:4      | Noticed an ogre
  4500 | D:4      | Killed an ogre
  4501 | D:4      | Reached XP level 6. HP: 45/45 MP: 0/10
  4711 | D:4      | Found an ornate altar of the Wu Jian Council.
  4711 | D:4      | Found a shimmering blue altar of Sif Muna.
  4714 | D:4      | Became a worshipper of Sif Muna the Loreminder
  5191 | D:4      | Reached skill level 6 in Ice Magic
  5191 | D:4      | Reached skill level 1 in Invocations
  5268 | D:4      | Your scales start taking on a glossy black colour.
  5268 | D:4      | Reached XP level 7. HP: 37/50 MP: 7/12
  5268 | D:4      | Gained mutation: You are resistant to electric shocks.
                  | (rElec) [Black Draconian growth]
  5493 | D:4      | Found a staircase to the Ecumenical Temple.
  5571 | D:5      | Entered Level 5 of the Dungeon
  5833 | D:4      | Learned a level 4 spell: Summon Ice Beast
  5852 | D:4      | Reached * piety under Sif Muna
  5932 | D:5      | Reached skill level 1 in Summonings
  6419 | D:5      | Reached XP level 8. HP: 50/57 MP: 4/13
  6678 | D:5      | Found a hazy altar of Hepliaklqana.
  7004 | D:6      | Found a hazy altar of Hepliaklqana.
  7054 | D:6      | Reached skill level 7 in Ice Magic
  7402 | D:6      | Learned a level 4 spell: Hailstorm
  7510 | D:6      | Noticed Maggie
  7521 | D:6      | Killed Maggie
  7522 | D:6      | Reached skill level 1 in Fighting
  7816 | D:6      | Found Muvveh's Distillery.
  7840 | D:6      | Bought a potion of heal wounds for 75 gold pieces
  7840 | D:6      | Bought a potion of haste for 150 gold pieces
  7840 | D:6      | Bought a potion of brilliance for 60 gold pieces
  7840 | D:6      | Bought 2 potions of heal wounds for 150 gold pieces
  8772 | D:7      | Noticed Menkaure
  8778 | D:7      | Killed Menkaure
  8842 | D:7      | Reached XP level 9. HP: 62/67 MP: 10/15
  8843 | D:7      | Reached skill level 5 in Stealth
  9264 | D:7      | Found a glowing golden altar of the Shining One.
  9346 | D:7      | Noticed Duvessa
  9353 | D:7      | Killed Duvessa
  9354 | D:7      | Reached skill level 8 in Ice Magic
  9354 | D:7      | Noticed Dowan
  9364 | D:7      | Reached ** piety under Sif Muna
  9366 | D:7      | Killed Dowan
  9849 | D:8      | Reached skill level 5 in Summonings
 10517 | D:8      | Learned a level 1 spell: Animate Skeleton
 10541 | D:8      | Reached skill level 5 in Dodging
 11004 | D:8      | Found a stormy altar of Qazlal.
 11379 | D:8      | Reached XP level 10. HP: 20/77 MP: 2/16
 11551 | D:8      | Noticed a great orb of eyes
 11560 | D:8      | Blown up by a great orb of eyes

Illustrated notes

Levels and vault maps discovered:
D:1:      roderic_crop_circles_arrival_small, layout_rooms
D:2:      layout_rooms
D:3:      layout_basic, serial_co_window_serial, co_window_corner_a,
          co_window_paths_a, co_window_paths_a, co_window_paths_a,
          co_window_corner_a, co_window_paths_a, co_window_paths_a,
          co_window_cross_3, co_window_broadway_a, co_window_paths_c,
          co_window_paths_e, co_window_4corner_a, glass_columns_a,
          serial_park_tiny_1, kennysheep_another_room, minivault_23, st_stairs_1
D:4:      layout_loops_cross, gammafunk_temple_overflow_elements,
          minmay_temple_entry_nine_rooms, lightli_minifort
D:5:      layout_cave_pools, nzn_hepliaklqana_mist_gate
D:6:      layout_basic, serial_shops, shop, amcnicky_altar_gilded, uniq_maggie
D:7:      layout_loops_corners, tso_altar, uniq_menkaure, uniq_duvessa
D:8:      nzn_winding_woodlands_small [nzn_winding_woodlands_5x15_lazy_stream,
          nzn_winding_woodlands_center_pierced_h,
          nzn_winding_woodlands_5x15_split_checker], layout_loops_ring,
          nicolae_qazlal_eye_of_the_storm, serial_shops, nicolae_shop_trees

Skill      XL: |  1  2  3  4  5  6  7  8  9 |
---------------+----------------------------+-----
Stealth        | 2 3 4 5 |  5.7
Dodging        | 2 3 4 5 |  5.2
Ice Magic      | 5 6 7 8 |  8.8
Spellcasting   | 3 4 |  4.1
Invocations    | 1 2 3 4 |  4.7
Summonings     | 2 4 5 |  5.9
Fighting       | 1 3 |  3.5

Action                   |  1- 3 |  4- 6 |  7- 9 | 10-12 || total
-------------------------+-------+-------+-------+-------++-------
Melee: Unarmed           |     3 |       |       |       ||     3
       Dagger            |    82 |    39 |   131 |       ||   252
       Tailslap          |     5 |     6 |    38 |       ||    49
       War axe           |       |       |   152 |     3 ||   155
 Cast: Freeze            |    35 |    19 |    16 |       ||    70
       Frozen Ramparts   |       |    16 |    36 |     3 ||    55
       Ozocubu's Armour  |       |     4 |    21 |     1 ||    26
       Summon Ice Beast  |       |       |     1 |     1 ||     2
 Abil: Breathe Lightning |       |       |     5 |       ||     5
  Use: Scroll            |       |       |    10 |       ||    10
 Stab: Sleeping          |     3 |     2 |     9 |       ||    14
       Distracted        |       |       |     2 |       ||     2
Armor: Skin              |    33 |     7 |   123 |       ||   163
Dodge: Dodged            |    78 |    40 |   245 |     1 ||   364
